 Dungeon Crawl Stone Soup version 0.16.1-11-g651b585 (webtiles) character file.

81 Krapule the Skirmisher (level 4, -6/29 HPs)
             Began as a Gargoyle Fighter on Mar 30, 2015.
             Killed by divine providence
             ... invoked by an orc priest
              (13 damage)
             ... on level 3 of the Dungeon.
             The game lasted 00:03:35 (1411 turns).

Krapule the Skirmisher (Gargoyle Fighter)           Turns: 1411, Time: 00:03:35

Health: -6/29      AC: 12    Str: 21    XL:     4   Next: 40%
Magic:  4/4        EV:  7    Int:  8    God:
Gold:   92         SH:  9    Dex:  9    Spells: 0 memorised, 3 levels left

rFire  . . .     SeeInvis .     a - +0 flail
rCold  . . .     Clarity  .     b - +0 scale mail
rNeg   + . .     SustAb   .     c - +0 shield
rPois  ∞         Gourm    .     (no helmet)
rElec  +         Spirit   .     f - +1 cloak
rCorr  .         Warding  .     (no gloves)
rMut   .         Stasis   .     (no boots)
MR     .....                    (no amulet)
Stlth  ..........               (no ring)
                                (no ring)

@: not resistant to hostile enchantments, extremely unstealthy
A: negative energy resistance 1, electricity resistance, unbreathing,
petrification resistance, rot immunity, AC +3
a: no special abilities


You were on level 3 of the Dungeon.
You were not hungry.

You visited 1 branch of the dungeon, and saw 3 of its levels.

You collected 92 gold pieces.

Inventory:

Hand weapons
 a - a +0 flail (weapon)
 u - a +1 whip of freezing
Missiles
 n - 4 silver javelins (quivered)
Armour
 b - a +0 scale mail (worn)
 c - a +0 shield (worn)
 f - a +1 cloak (worn)
Scrolls
 g - 2 scrolls of amnesia {unknown}
 h - 2 scrolls of identify {unknown}
 i - a scroll of enchant weapon {unknown}
 j - a scroll of random uselessness {unknown}
 k - 2 scrolls of immolation {unknown}
 l - a scroll of teleportation {unknown}
 p - 3 scrolls of remove curse {unknown}
 s - 2 scrolls of fear {unknown}
 t - a scroll of noise {unknown}
 v - 4 scrolls of magic mapping {unknown}
Potions
 e - 2 potions of might
 m - a potion of heal wounds {unknown}
 o - a potion of cure mutation {unknown}
 q - 2 potions of haste {unknown}
Comestibles
 d - 2 bread rations
 r - a meat ration
 w - 2 chunks of flesh


   Skills:
 + Level 4.0 Fighting
 + Level 2.9 Maces & Flails
 + Level 3.8 Armour
 + Level 3.9 Shields


You had 3 spell levels left.
You didn't know any spells.

Dungeon Overview and Level Annotations

Branches:
Dungeon (3/15)

Altars:


Innate Abilities, Weirdness & Mutations

You are resistant to torment.
You are immune to poison.
Your stone body is very resilient (AC +3).
You resist negative energy.
You are resistant to electric shocks.
You can survive without breathing.
You are immune to petrification.
You are immune to rotting.


Message History

The orc priest invokes the aid of Beogh against you.
Something smites you!
* * * LOW HITPOINT WARNING * * *
You are too injured to fight recklessly!
You are too injured to fight recklessly!
You are too injured to fight recklessly!
You are too injured to fight recklessly!
You hit the orc.
The orc is almost dead.
You block the orc's attack. The orc hits you but does no damage.
The orc priest utters an invocation to Beogh.
You feel troubled.
You hit the orc.
You kill the orc!
You hit the orc priest but do no damage.
The orc priest closely misses you.
You closely miss the orc priest. You block the orc priest's attack.
The orc priest mumbles some strange prayers to Beogh against you.
Something smites you!
You die...

#.##.###.#.......#
#.##.###.#####.###
#.....(..# #.#
##.##(##### #'#
#..)..# ...
##.#### ....
#.##.## ...>.
#.#...####.......
#.......@o.......
#.#[..####.......
#.##.## .....
#.#### .... #.#
... #.# + #.# #.#
.


You could see an orc priest.

Vanquished Creatures
  Terence (D:2)
  An adder (D:2)
  A giant mite (D:1)
  A worm (D:2)
  An ooze (D:2)
  3 orcs (D:3)
  5 giant cockroaches
  5 goblins
  5 hobgoblins
  2 jackals (D:2)
  A quokka (D:2)
  A ball python (D:1)
  4 bats (D:2)
  A giant newt (D:2)
  4 kobolds
  3 rats (D:2)
39 creatures vanquished.

Notes
Turn   | Place    | Note
--------------------------------------------------------------
     0 | D:1      | Krapule, the Gargoyle Fighter, began the quest for the Orb.
     0 | D:1      | Reached XP level 1. HP: 14/14 MP: 1/1
   159 | D:1      | Reached XP level 2. HP: 19/19 MP: 2/2
   439 | D:2      | Reached XP level 3. HP: 23/23 MP: 3/3
  1095 | D:2      | Noticed Terence
  1110 | D:2      | Killed Terence
  1110 | D:2      | Reached skill level 4 in Fighting
  1110 | D:2      | Reached XP level 4. HP: 25/29 MP: 4/4
  1411 | D:3      | Killed from afar by an orc priest

Action                   |  1- 3 |  4- 6 || total
-------------------------+-------+-------++-------
Melee: Flail             |   115 |    25 ||   140
  Eat: Chunk             |       |     2 ||     2
